 Dungeon Crawl Stone Soup version 0.23-a0-141-g456867d (webtiles) character file.

258 Amnesiac the Bolt Thrower (level 5, -14/37 HPs)
             Began as a Mummy Arcane Marksman on Aug 31, 2018.
             Killed by divine providence
             ... invoked by an orc priest
              (17 damage)
             ... on level 3 of the Dungeon.
             The game lasted 00:03:58 (3313 turns).

Amnesiac the Bolt Thrower (Mummy Arcane Marksman)   Turns: 3313, Time: 00:03:59

Health: -14/37     AC:  3    Str: 13    XL:     5   Next: 94%
Magic:  7/7        EV: 12    Int: 13    God:
Gold:   94         SH:  0    Dex: 13    Spells: 0/7 levels left

rFire    x . .     SeeInvis .   b - +1 dagger (drain)
rCold    + . .     Gourm    .   (no shield)
rNeg     + + +     Faith    .   e - +0 robe
rPois    ∞         Spirit   .   k - +0 helmet
rElec    .         Reflect  .   (no cloak)
rCorr    .         Harm     .   (no gloves)
MR       .....                  (no boots)
Stlth    +.........             (no amulet)
HPRegen  0.12/turn              (no ring)
MPRegen  0.10/turn              (no ring)

@: no status effects
A: no food or potions, fire vulnerability, cold resistance 1, negative energy
resistance 3, torment resistance, unbreathing
a: no special abilities


You were on level 3 of the Dungeon.
You were not hungry.

You visited 1 branch of the dungeon, and saw 3 of its levels.

You collected 94 gold pieces.

Inventory:

Hand Weapons
 a - a +0 hand crossbow
 b - a +1 dagger of draining (weapon)
Missiles
 d - 11 bolts
Armour
 e - a +0 robe (worn)
 k - a +0 helmet (worn)
Scrolls
 c - a scroll of identify {!r}
 f - 2 scrolls of enchant weapon {!r}


   Skills:
 - Level 1.0 Fighting
 * Level 4.7 Crossbows
 - Level 1.5 Dodging
 - Level 1.5 Spellcasting
 + Level 3.5 Hexes


You couldn't memorise any spells.
You knew the following spells:

 Your Spells              Type           Power        Failure   Level  Hunger
a - Corona                Hex            ##.....      6%          1    N/A
b - Cause Fear            Hex            ##........   54%         4    N/A
e - Slow                  Hex            ##......     10%         2    N/A

Your spell library contained the following spells:

 Spells                   Type           Power        Failure   Level  Hunger
 Inner Flame              Hex/Fire       #.......     36%         3    N/A
 Portal Projectile        Hex/Tloc       #.....       36%         3    N/A
 Leda's Liquefaction      Hex/Erth       #.........   78%         4    N/A

Dungeon Overview and Level Annotations

Branches:
Dungeon (3/15)

Altars:
Trog


Innate Abilities, Weirdness & Mutations

You do not eat or drink.
Your flesh is vulnerable to fire.
You are immune to poison.
Your flesh is cold resistant. (rC+)
You are immune to negative energy. (rN+++)
You are immune to unholy pain and torment.
You can survive without breathing.


Message History

The orc wizard flickers and vanishes!
Deactivating autopickup; reactivate with Ctrl-A.
You hit the orc wizard.
The orc wizard is moderately wounded.
The orc wizard misses you.
A rat comes into view.
The orc wizard closely misses you.
The orc priest calls upon Beogh to heal the orc wizard.
You hit the orc wizard.
The orc wizard is moderately wounded.
The orc wizard casts a spell at you. The magic dart hits you!
The orc priest calls upon Beogh to heal the orc wizard.
You hit the orc wizard.
The orc wizard is moderately wounded.
The orc wizard hits you but does no damage.
The orc wizard closely misses you.
You hit the orc wizard but do no damage.
You drain the orc wizard!
The orc wizard is severely wounded.
The orc wizard gestures wildly while chanting.
The orc wizard blinks!
You miss something. Something hits you.
You barely miss the orc wizard.
The orc wizard is severely wounded.
The orc wizard closely misses you. Something barely misses you.
You closely miss something.
The orc wizard points at you and mumbles some strange words.
You easily resist.
Something hits you. The orc wizard hits you with a dagger.
You hit the orc wizard.
The orc wizard is almost dead.
The orc wizard hits you but does no damage.
Something hits you.
You barely miss something. The orc wizard barely misses you.
Something hits you but does no damage. The orc wizard casts a spell at you.
The magic dart hits you!
* * * LOW HITPOINT WARNING * * *
Okay, then.
You miss the orc wizard.
The orc wizard is severely wounded.
The orc wizard hits you but does no damage.
Something hits you.
* * * LOW HITPOINT WARNING * * *
You closely miss the orc wizard.
The orc wizard is severely wounded.
The orc wizard closely misses you. Something hits you.
* * * LOW HITPOINT WARNING * * *
The orc wizard completely misses you.
You completely miss the orc wizard.
The orc wizard is severely wounded.
The orc wizard hits you but does no damage.
You hear some strange, mumbled words.
A magic dart appears from out of thin air!
The magic dart hits you!
* * * LOW HITPOINT WARNING * * *
You hit the orc wizard.
You kill the orc wizard!
Something hits you.
* * * LOW HITPOINT WARNING * * *
The rat twitches its whiskers.
The orc priest calls down the wrath of Beogh upon you.
Beogh smites you!
You die...

#######.## *,*,,,,,
#........# *,*,****
***#......†.# *,*,*
***,,.........#####.#.####
*,+,,..>................>.
*,*,,.....%...#####.#.#...
*,*,,.........#****,*,#...
*.#.########..#*,,,,*,#...
*..rwSo.{@....#*,**,*,#...
***##.########.##*,****,#...
*,,,,,,,,* #.#**,,,,,,.###
*,,,,,,,,****#.#,******,,*
*,,,,,,,,',,,...,,,,,,,,,***
*,,,,,,<,****#..,*******,,,,
*,,,,,,,,* ###.* *,,,,
*,,,,,,,,* *.* *,,,,
*,,,,,,,,* *,* *,,,,


You could see a worm, an orc priest, an adder and a rat.

Vanquished Creatures
  A hound (D:3)
  An orc wizard (D:3)
  Natasha (twice) (D:2)
  A worker ant (D:2)
  Robin (D:1)
  3 adders
  3 oozes
  2 worms
  2 dart slugs
  A ball python (D:3)
  4 giant cockroaches
  19 goblins
  7 hobgoblins
  4 jackals
  6 bats
  4 frilled lizards
  4 kobolds
  7 rats
72 creatures vanquished.

Notes
Turn   | Place    | Note
-------+----------+-------------------------------------------
     0 | D:1      | Amnesiac the Mummy Arcane Marksman began the quest for the
                  | Orb.
     0 | D:1      | Reached XP level 1. HP: 15/15 MP: 2/2
   343 | D:1      | Reached skill level 2 in Crossbows
   482 | D:1      | Reached XP level 2. HP: 10/21 MP: 4/4
   578 | D:1      | Learned a level 2 spell: Slow
  1003 | D:2      | Found a bloodstained altar of Trog.
  1020 | D:2      | Reached XP level 3. HP: 23/26 MP: 5/5
  1117 | D:2      | Reached skill level 3 in Crossbows
  1175 | D:2      | Noticed Robin
  1540 | D:2      | Reached XP level 4. HP: 30/32 MP: 4/6
  1549 | D:2      | Noticed Natasha
  1559 | D:2      | Killed Natasha
  1785 | D:2      | Noticed Natasha
  1796 | D:2      | Killed Natasha
  1796 | D:2      | Reached skill level 4 in Crossbows
  1939 | D:2      | Found a faded altar of an unknown god.
  1949 | D:2      | Reached XP level 5. HP: 31/37 MP: 4/7
  2002 | D:2      | Learned a level 4 spell: Cause Fear
  2382 | D:1      | Killed Robin
  3313 | D:3      | Killed from afar by an orc priest

Vault maps used:
D:1:      nzn_arrival_depleted_hourglass, minmay_splitting_lines, moated_statue
D:2:      nicolae_overflow_crystal_walls, chequers_ecumenical_altar_island,
          uniq_natasha, uniq_robin
D:3:      ebering_ghost_sewer_f

Skill      XL: |  1  2  3  4 |
---------------+-------------+-----
Crossbows      | 2 3 4 |  4.7
Hexes          | 3 |  3.5
Fighting       | |  1.0
Dodging        | |  1.5
Spellcasting   | |  1.5

Action                   |  1- 3 |  4- 6 || total
-------------------------+-------+-------++-------
Melee: Unarmed           |    20 |       ||    20
       Trident           |     7 |       ||     7
       Dagger            |     6 |   174 ||   180
 Fire: Hand crossbow     |    62 |       ||    62
 Cast: Corona            |     7 |    12 ||    19
       Slow              |     4 |     1 ||     5
  Use: Scroll            |       |     8 ||     8
 Stab: Sleeping          |       |     3 ||     3
Armor: Robe              |     8 |    49 ||    57
Dodge: Dodged            |    35 |   134 ||   169

Table legend:
 A = Non-vault XP
 B = Vault XP
 C = Vault XP percentage of total XP
 D = Non-vault monster count
 E = Vault monster count
 F = Vault count percentage of total count
                 A         B        C        D         E       F
            +---------+---------+-------+---------+---------+-------
      Total |     299 |      70 |  19.0 |      60 |      12 |  16.7
            +---------+---------+-------+---------+---------+-------
        D:1 |      18 |      17 |  48.6 |      11 |       2 |  15.4
        D:2 |     146 |      53 |  26.6 |      27 |      10 |  27.0
        D:3 |     135 |       0 |   0.0 |      22 |       0 |   0.0
            +---------+---------+-------+---------+---------+-------
